 Dungeon Crawl Stone Soup version 0.22.0-27-ga576289 (webtiles) character file.

826 kuniqs the Chopper (level 7, 0/61 HPs)
             Began as a Hill Orc Gladiator on Aug 22, 2018.
             Was an Initiate of the Shining One.
             Slain by a bullfrog (4 damage)
             ... on level 6 of the Dungeon.
             The game lasted 00:06:41 (4045 turns).

kuniqs the Chopper (Hill Orc Gladiator)             Turns: 4045, Time: 00:06:42

Health: 0/61       AC:  7    Str: 24    XL:     7   Next: 96%
Magic:  9/9        EV: 13    Int:  8    God:    the Shining One [......]
Gold:   162        SH:  0    Dex: 12    Spells: 6/6 levels left

rFire    + . .     SeeInvis +   b - +0 dagger (venom)
rCold    . . .     Gourm    .   (no shield)
rNeg     . . .     Faith    .   i - +0 ring mail
rPois    .         Spirit   .   c - +0 helmet
rElec    .         Reflect  .   y - scarf {cloud immunity}
rCorr    .         Harm     .   (no gloves)
MR       .....                  (no boots)
Stlth    +.........             q - amulet of rage
HPRegen  0.20/turn              m - ring of protection from fire
MPRegen  0.11/turn              u - ring of see invisible

@: mighty, glowing
A: no striking features
a: Renounce Religion, Evoke Berserk Rage


You were on level 6 of the Dungeon.
You worshipped the Shining One.
The Shining One was noncommittal.
You were not hungry.

You visited 2 branches of the dungeon, and saw 7 of its levels.

You collected 162 gold pieces.

Inventory:

Hand Weapons
 a - a +0 war axe
 b - a +0 dagger of venom (weapon)
Missiles
 d - 3 throwing nets (quivered)
Armour
 c - a +0 helmet (worn)
 i - a +0 ring mail (worn)
 y - a scarf of cloud immunity (worn)
Magical Staves
 w - an uncursed staff of summoning {unknown}
Jewellery
 m - a ring of protection from fire (left hand)
 q - an amulet of rage (around neck)
 u - a ring of see invisible (right hand)
Wands
 k - a wand of flame (33)
 s - a wand of paralysis (24)
Scrolls
 h - a scroll of blinking
 o - 2 scrolls of identify {unknown}
 p - a scroll of magic mapping {unknown}
 t - a scroll of remove curse {@r2}
 v - a scroll of fear {unknown}
Potions
 e - a potion of flight {unknown}
 g - a potion of lignification {unknown}
 j - a potion of curing {@q1}
 l - a potion of might
 n - a potion of mutation {unknown}
 r - 2 potions of ambrosia
 z - a potion of magic {unknown}
Comestibles
 f - 8 rations
 x - 4 chunks of flesh


   Skills:
 + Level 5.2 Fighting
 + Level 6.4 Axes
 - Level 1.7 Throwing
 + Level 3.8 Armour
 + Level 4.0 Dodging
 + Level 1.9 Invocations
 + Level 3.2 Evocations


You had 6 spell levels left.
You didn't know any spells.
Your spell library was empty.

Dungeon Overview and Level Annotations

Branches:
Dungeon (6/15)             Temple (1/1) D:5

Altars:
Cheibriados
Dithmenos
Fedhas
Hepliaklqana
Kikubaaqudgha
Okawaru
Qazlal
Ru
Sif Muna
Uskayaw
Vehumet
Wu Jian
Xom
Zin
The Shining One

Shops:
D:5 (*%


Message History

Found a stone staircase leadin' up.
Tha leopard gecko hisses menacin'ly.
It was a potion o' might.
Ye feel very mighty all o' a sudd'n.
Tha leopard gecko closely misses ye.
Ye puncture tha leopard gecko!
Ye kill tha leopard gecko!
Ye puncture tha orc!
Ye kill tha orc!
Tha bullfrog misses ye.
Ye barely miss tha bullfrog.
Tha bullfrog barely misses ye.
Ye puncture tha bullfrog!
Tha bullfrog hits ye.
* * * LOW HITPOINT WARNIN'
* * * Tha bullfrog hits ye but does nay damage.
Ye barely miss tha bullfrog.
Tha bullfrog hits ye but does nay damage.
Ye barely miss tha bullfrog.
Tha bullfrog hits ye.
* * * LOW HITPOINT WARNIN'
* * * Tha bullfrog hits ye.
Ye die...

### #.. #.# #.#
##.#########
#<#..(......
#h##.h...#######.#
F.# #....hZF@.....#
#..........#########
_Z..........#
#.#........###
#.........<#
#........### ......#
<....


You could see a black bear, a bullfrog, a hound and a bullfrog zombie.

Vanquished Creatures
  Sigmund (D:5)
  2 ogres (D:4)
  A scorpion (D:5)
  2 hounds (D:4)
  3 jellies (D:5)
  3 orc wizards
  An iguana (D:5)
  2 worker ants
  A hound skeleton (D:4)
  4 adders
  An ooze (D:4)
  2 worms (D:3)
  2 dart slugs
  4 leopard geckos
  7 orcs
  A ball python (D:1)
  4 bats (D:1)
  7 giant cockroaches
  6 goblins
  7 hobgoblins
  15 jackals
  4 quokkas
  A ball python skeleton (D:4)
  4 frilled lizards
  A giant cockroach zombie (D:5)
  7 kobolds
  7 rats
100 creatures vanquished.

Notes
Turn   | Place    | Note
-------+----------+-------------------------------------------
     0 | D:1      | kuniqs the Hill Orc Gladiator began the quest for the Orb.
     0 | D:1      | Reached XP level 1. HP: 18/18 MP: 1/1
    68 | D:1      | Reached XP level 2. HP: 12/25 MP: 2/2
   330 | D:1      | Reached skill level 1 in Armour
   460 | D:1      | Reached XP level 3. HP: 30/30 MP: 3/3
   974 | D:2      | Reached XP level 4. HP: 30/38 MP: 4/4
  1600 | D:3      | Found a radiant altar of Vehumet.
  1782 | D:3      | Reached skill level 1 in Evocations
  1782 | D:3      | Reached XP level 5. HP: 39/45 MP: 5/5
  1790 | D:3      | Reached skill level 5 in Axes
  2601 | D:4      | Noticed an ogre
  2610 | D:4      | Killed an ogre
  2610 | D:4      | Reached XP level 6. HP: 25/52 MP: 7/7
  3031 | D:4      | Found a deep blue altar of Sif Muna.
  3058 | D:4      | Found a shadowy altar of Dithmenos.
  3260 | D:5      | Entered Level 5 of the Dungeon
  3265 | D:5      | Found Qachifoz's Food Emporium.
  3306 | D:5      | Reached XP level 7. HP: 47/60 MP: 8/8
  3512 | D:5      | Found Xuv Adgha's Antique Weapon Emporium.
  3622 | D:5      | Reached skill level 6 in Axes
  3638 | D:5      | Found a staircase to the Ecumenical Temple.
  3668 | Temple   | Entered the Ecumenical Temple
  3698 | Temple   | Became a worshipper of the Shining One
  3796 | D:5      | Noticed Sigmund
  3836 | D:5      | Killed Sigmund
  3836 | D:5      | Reached skill level 5 in Fighting
  3836 | D:5      | Reached skill level 1 in Invocations
  3971 | D:5      | Found Sex Wox's General Store.
  4019 | D:6      | Found a stormy altar of Qazlal.
  4025 | D:6      | HP: 3/61 [hound (4)]
  4045 | D:6      | Slain by a bullfrog

Skill      XL: |  1  2  3  4  5  6  7 |
---------------+----------------------+-----
Armour         | 1 2 3 |  3.8
Fighting       | 3 4 5 |  5.2
Dodging        | 3 4 |  4.0
Evocations     | 1 2 3 |  3.2
Axes           | 5 6 |  6.4
Invocations    | 1 |  1.9
Throwing       | |  1.7

Action                   |  1- 3 |  4- 6 |  7- 9 || total
-------------------------+-------+-------+-------++-------
Melee: War axe           |    79 |   140 |    40 ||   259
       Dagger            |       |     3 |    21 ||    24
Evoke: Wand              |       |     5 |     2 ||     7
  Use: Scroll            |       |     5 |       ||     5
       Potion            |       |     2 |     2 ||     4
 Stab: Paralysed         |       |     3 |       ||     3
  Eat: Chunk             |       |     8 |     2 ||    10
Armor: Leather armour    |    22 |       |       ||    22
       Ring mail         |    20 |    51 |    16 ||    87
Dodge: Dodged            |    53 |    90 |    30 ||   173
